[Event "Team 45 45 League T46"]
[Site "Internet Chess Club"]
[Date "2010.08.15"]
[Round "2"]
[White "ChessyNessy"]
[Black "Lokath"]
[Result "0-1"]
[WhiteElo "1858"]
[BlackElo "1830"]
[Opening "Ponziani opening"]
[ECO "C44"]
[Time "10:00:32"]
[TimeControl "2700+45"]

1. e4 e5 2. Nf3 Nc6 3. c3 d5 4. Bb5 dxe4 5. Nxe5 Qg5 6. Qa4 Qxg2 7. Bxc6+ bxc6
8. Qxc6+ Kd8 9. Rf1 Bh3 10. Nxf7+ Ke7 11. Qxc7+ Ke8 12. Kd1 Qxf1+ 13. Kc2 Qd3+
14. Kb3 Be6+ 15. Ka4 Qa6+ {White resigns} 0-1

[Event "Team 45 45 League T46"]
[Site "Internet Chess Club"]
[Date "2010.08.14"]
[Round "2"]
[White "tigereye"]
[Black "Diperblu"]
[Result "1-0"]
[WhiteElo "1872"]
[BlackElo "1652"]
[Opening "Modern defense: Averbakh system"]
[ECO "A40"]
[Time "15:00:30"]
[TimeControl "2700+45"]

1. d4 g6 2. c4 Bg7 3. Nc3 d6 4. e4 a6 5. Be2 c5 6. Nf3 Bg4 7. Be3 Bxf3 8. Bxf3
Nc6 9. dxc5 Bxc3+ 10. bxc3 Ne5 11. Qa4+ Qd7 12. Qxd7+ Kxd7 13. cxd6 exd6 14. c5
Nd3+ 15. Ke2 Nxc5 16. Rhd1 Kc7 17. Rab1 Nf6 18. Bxc5 dxc5 19. e5 Rae8 20. Rxb7+
Kc8 21. Rxf7 Rxe5+ 22. Kf1 Nh5 23. Bb7+ Kb8 24. Rb1 Rd8 25. Bxa6+ Ka8 26. g4
{Black resigns} 1-0

[Event "Team 45 45 League T46"]
[Site "Internet Chess Club"]
[Date "2010.08.12"]
[Round "2"]
[White "Bacon1290"]
[Black "Deebs"]
[Result "1/2-1/2"]
[WhiteElo "1675"]
[BlackElo "1761"]
[Opening "Sicilian: Kan, Maróczy bind (Réti variation)"]
[ECO "B41"]
[Time "18:00:22"]
[TimeControl "2700+45"]

1. e4 c5 2. Nf3 e6 3. d4 cxd4 4. Nxd4 a6 5. c4 Qc7 6. Nc3 Nf6 7. Be3 Bb4 8. f3
Nc6 9. Nxc6 bxc6 10. Qd4 c5 11. Qd3 O-O 12. O-O-O Bxc3 13. Qxc3 d6 14. Be2 Bb7
15. g4 Rfd8 16. g5 Ne8 17. h4 d5 18. exd5 exd5 19. cxd5 Bxd5 20. Qxc5 Qb7 21.
Qb6 Rdc8+ 22. Kb1 Bxf3 23. Qxb7 Bxb7 24. Rhf1 Be4+ 25. Bd3 Bg6 26. Bxg6 hxg6 27.
Rd7 Rc7 28. Rfxf7 Rac8 29. Rxc7 Rxc7 30. Rxc7 Nxc7 31. Kc2 Kf7 32. Kd3 Ke6 33.
a4 Nd5 34. Bf2 Kd6 35. Kc4 Kc6 36. Bd4 Nf4 37. Bxg7 Ng2 38. b4 Nxh4 39. b5+
axb5+ 40. axb5+ Kb7 41. Kc5 Nf5 42. Be5 Nh4 43. b6 Nf3 44. Bf6 Nd2 45. Bd8 Nf3
46. Bf6 Nd2 47. Be7 Nf3 48. Bd8 Nd2 49. Bf6 Nf3 50. Kb5 Nh4 51. Bd4 Nf3 52. Bf2
Ne5 53. Be3 Nf3 54. Kc5 Nh4 55. Bf4 Nf5 56. Bc7 Nh4 57. Bg3 Nf3 58. Bf4 Nh4 59.
Be3 Nf3 60. Kb5 Nh4 61. Kb4 Nf5 62. Bf2 Ng7 63. Kc5 Ne6+ 64. Kd5 {Game drawn by
mutual agreement} 1/2-1/2

[Event "Team 45 45 League T46"]
[Site "Internet Chess Club"]
[Date "2010.08.13"]
[Round "2"]
[White "RayF"]
[Black "Two-DogMan"]
[Result "1-0"]
[WhiteElo "1729"]
[BlackElo "1634"]
[Opening "QGD: classical variation (5.Bf4)"]
[ECO "D37"]
[Time "21:58:19"]
[TimeControl "2700+45"]

1. d4 d5 2. c4 e6 3. Nf3 Nf6 4. Nc3 Be7 5. Bf4 a6 6. e3 O-O 7. Bd3 b6 8. cxd5
exd5 9. O-O Bb7 10. Qb3 Ne4 11. Rac1 Nxc3 12. Rxc3 Bd6 13. Bxd6 Qxd6 14. Rfc1
Nc6 15. a3 Na5 16. Qc2 Rac8 17. Bxh7+ Kh8 18. Bf5 c5 19. Bxc8 Rxc8 20. Ng5 Kg8
21. Qh7+ Kf8 22. Qh8+ Ke7 23. Qxg7 Qf6 24. Qxf6+ Kxf6 25. h4 c4 26. g3 b5 27.
Kg2 Nb3 28. Rh1 Nd2 29. Rc2 Ne4 30. Nxe4+ dxe4 31. g4 Bd5 32. Kg3 Kg7 33. Kf4
Re8 34. h5 f6 35. Rh4 Kh6 36. Kf5 Rf8 37. Rc1 Bb7 38. Rd1 Bd5 39. Rh2 a5 40. Rh4
b4 41. axb4 axb4 42. Rhh1 Ra8 43. Kxf6 Rf8+ 44. Ke5 Bb7 45. d5 Rxf2 46. d6 Bc6
47. d7 Bxd7 48. Rxd7 Rxb2 49. g5+ Kxg5 50. h6 Kg4 51. h7 c3 52. h8=Q c2 53. Qh3+
{Black resigns} 1-0

[Event "Team 45 45 League T46"]
[Site "Internet Chess Club"]
[Date "2010.08.14"]
[Round "2"]
[White "frank001"]
[Black "smitty120"]
[Result "1-0"]
[WhiteElo "1873"]
[BlackElo "1847"]
[Opening "Sicilian: dragon variation"]
[ECO "B70"]
[Time "23:13:50"]
[TimeControl "2700+45"]

1. e4 c5 2. Nf3 d6 3. d4 cxd4 4. Nxd4 Nf6 5. Nc3 g6 6. g3 Bg7 7. Bg2 O-O 8. O-O
Nc6 9. Nde2 Bd7 10. h3 a6 11. a4 Qc7 12. Be3 Rac8 13. Rc1 Ne5 14. b3 Qa5 15. Bd4
Nc6 16. Be3 Rfd8 17. f4 Nh5 18. Nd5 Bd4 19. Bxd4 Nxd4 20. Qxd4 Re8 21. g4 Ng7
22. f5 b5 23. axb5 Bxb5 24. c4 Bd7 25. Nef4 Qa2 26. Qf2 Qxb3 27. fxg6 hxg6 28.
Nb6 Rc7 29. Nfd5 Rb7 30. Nxd7 Rxd7 31. Qxf7+ Kh7 32. Nf4 Qe3+ 33. Kh1 {Black
resigns} 1-0

[Event "Team 45 45 League T46"]
[Site "Internet Chess Club"]
[Date "2010.08.16"]
[Round "2"]
[White "tenor"]
[Black "jjmolina"]
[Result "0-1"]
[WhiteElo "1771"]
[BlackElo "1698"]
[Opening "Caro-Kann: Panov-Botvinnik attack"]
[ECO "B13"]
[Time "14:00:19"]
[TimeControl "2700+45"]

1. e4 c6 2. d4 d5 3. exd5 cxd5 4. c4 Nf6 5. Nc3 Nc6 6. Nf3 Bg4 7. cxd5 Nxd5 8.
Be2 e6 9. O-O Be7 10. h3 Bh5 11. Nxd5 Qxd5 12. Be3 O-O 13. a3 Rac8 14. Rc1 Na5
15. b4 Nc4 16. Qb3 Nxe3 17. Qxe3 Rfd8 18. g4 Bg6 19. Qe5 Be4 20. Qxd5 Bxd5 21.
Nd2 Bd6 22. Bf3 Bf4 23. Bxd5 Rxc1 24. Rxc1 Bxd2 25. Rc2 Bxb4 26. axb4 exd5 27.
Rc7 Rb8 28. Rd7 Kf8 29. Rxd5 Ke7 30. Kg2 Rd8 31. Rxd8 Kxd8 32. Kf3 Kd7 33. Ke4
Ke6 34. f4 Kd6 35. f5 f6 36. h4 h6 37. d5 a6 38. Kd4 b6 39. Kc4 a5 40. bxa5 bxa5
41. Kb5 Kxd5 42. Kxa5 Ke4 43. Kb5 Kf4 {White resigns} 0-1

[Event "Team 45 45 League T46"]
[Site "Internet Chess Club"]
[Date "2010.08.15"]
[Round "2"]
[White "johnnyperez"]
[Black "LukeOZade"]
[Result "0-1"]
[WhiteElo "1659"]
[BlackElo "1746"]
[Opening "Two knights defense"]
[ECO "C55"]
[Time "13:01:22"]
[TimeControl "2700+45"]

1. e4 e5 2. Nf3 Nc6 3. Bc4 Nf6 4. a3 Nxe4 5. O-O d5 6. Bb5 Bd6 7. Re1 O-O 8. d3
Nxf2 9. Kxf2 Nd4 10. Nxd4 Qh4+ 11. Kg1 exd4 12. h3 Bxh3 13. gxh3 Qg3+ 14. Kf1
Qxh3+ 15. Kg1 Bh2+ 16. Kf2 Qg3+ 17. Kf1 Qg1+ {White resigns} 0-1

[Event "Team 45 45 League T46"]
[Site "Internet Chess Club"]
[Date "2010.08.12"]
[Round "2"]
[White "cityprosecutor"]
[Black "leland"]
[Result "1-0"]
[WhiteElo "1778"]
[BlackElo "1846"]
[Opening "French: King's Indian attack"]
[ECO "C00"]
[Time "22:00:21"]
[TimeControl "2700+45"]

1. e4 e6 2. d3 d5 3. Nd2 dxe4 4. Nxe4 Nd7 5. g3 Ngf6 6. Bg2 Be7 7. Ne2 O-O 8.
O-O Nxe4 9. Bxe4 Nf6 10. Bg2 e5 11. Nc3 c6 12. Re1 Qc7 13. Qe2 Bd6 14. Bg5 Nd7
15. a3 f6 16. Bd2 Nc5 17. Ne4 Nxe4 18. Qxe4 Qf7 19. Re2 Be6 20. c4 Bc5 21. Bc3
Rad8 22. b3 Bd4 23. Bb2 Bxb2 24. Rxb2 Rd4 25. Qe3 Bf5 26. Rd2 Rfd8 27. Rad1 Qd7
28. Bf1 e4 29. f3 exd3 30. h4 h5 31. Re1 Qd6 32. Kf2 Qxa3 33. g4 hxg4 34. fxg4
Bg6 35. h5 Bh7 36. g5 fxg5 37. Qxg5 Qf8+ 38. Kg1 Qf3 39. Bg2 Qf6 40. Qe3 Qf5 41.
Rf2 Qxh5 42. Bd5+ cxd5 43. Qxd4 Be4 44. Rxe4 Qg5+ 45. Rg4 Qc1+ 46. Kg2 Qh6 47.
cxd5 {Black resigns} 1-0

[Event "Team 45 45 League T46"]
[Site "Internet Chess Club"]
[Date "2010.08.13"]
[Round "2"]
[White "jps7"]
[Black "ice-cream"]
[Result "0-1"]
[WhiteElo "1643"]
[BlackElo "1647"]
[Opening "Queen's pawn game, Darooha variation "]
[ECO "D02"]
[Time "22:30:24"]
[TimeControl "2700+45"]

1. d4 Nf6 2. Nf3 d5 3. h3 Bf5 4. e3 e6 5. c4 c6 6. Nc3 Nbd7 7. cxd5 cxd5 8. Bb5
Bd6 9. O-O O-O 10. Bd2 Rc8 11. Rc1 a6 12. Ba4 Nb6 13. Bc2 Bxc2 14. Rxc2 Nc4 15.
Bc1 Qe7 16. Nd2 Nb6 17. e4 dxe4 18. Ndxe4 Nxe4 19. Nxe4 Nd5 20. Nxd6 Qxd6 21. a3
Rxc2 22. Qxc2 h6 23. Be3 Ne7 24. Qb3 Qd7 25. Rc1 Rc8 26. Rxc8+ Qxc8 27. Qd1 Qd7
28. Qg4 Nf5 29. g3 Nxe3 30. fxe3 Qb5 31. b4 Qd3 32. Qf3 Qxa3 33. Qxb7 Qxe3+ 34.
Kg2 Qxd4 35. Qxa6 Qxb4 36. Qc8+ Qf8 37. Qc2 Qe8 38. h4 f6 39. Qc4 Qd7 40. Kh3
Kh8 41. h5 Qd5 42. Qc8+ Kh7 43. g4 Qf3+ 44. Kh4 f5 45. Qxe6 Qxg4# {White
checkmated} 0-1

[Event "Team 45 45 League T46"]
[Site "Internet Chess Club"]
[Date "2010.08.13"]
[Round "2"]
[White "Deckfuel"]
[Black "AG2009"]
[Result "0-1"]
[WhiteElo "1951"]
[BlackElo "2261"]
[Opening "French: Réti (Spielmann) variation"]
[ECO "C00"]
[Time "04:01:13"]
[TimeControl "2700+45"]

1. e4 e6 2. b3 d5 3. Bb2 Nf6 4. e5 Nfd7 5. Qg4 c5 6. f4 Nc6 7. Nf3 g6 8. c4 Nb6
9. d3 Bg7 10. Be2 O-O 11. O-O Bd7 12. Ba3 Nb4 13. Bxb4 cxb4 14. c5 Nc8 15. a3
bxa3 16. Rxa3 Ne7 17. Nc3 Nf5 18. Rc1 b6 19. d4 bxc5 20. dxc5 f6 21. Nb5 Qb8 22.
Nd6 Qb4 23. Raa1 Nxd6 24. cxd6 fxe5 25. Nxe5 Rxf4 26. Qg5 Qd4+ 27. Kh1 Bxe5 28.
Rd1 Qe3 {White resigns} 0-1

[Event "Team 45 45 League T46"]
[Site "Internet Chess Club"]
[Date "2010.08.12"]
[Round "2"]
[White "Camalleo"]
[Black "Boromir"]
[Result "0-1"]
[WhiteElo "1871"]
[BlackElo "1981"]
[Opening "Queen's pawn game"]
[ECO "D05"]
[Time "12:04:22"]
[TimeControl "2700+45"]

1. d4 d5 2. Nf3 Nf6 3. e3 e6 4. a3 Bd6 5. Bd3 c5 6. b3 O-O 7. Bb2 Nc6 8. Ne5
cxd4 9. exd4 Qc7 10. f4 a6 11. O-O b5 12. Nd2 Qb6 13. Ndf3 Ne4 14. a4 b4 15.
Bxe4 dxe4 16. Nd2 f5 17. Ndc4 Qc7 18. Nxc6 Qxc6 19. Nxd6 Qxd6 20. c4 Bb7 21. Qd2
a5 22. Qf2 Rac8 23. Rad1 Rfd8 24. Qg3 Rc7 25. Kh1 Qe7 26. Rde1 Qf7 27. Re3 Rdd7
28. Qf2 Qf8 29. Qh4 Qf6 30. Qh5 Qf7 31. Qg5 Qf6 32. Qh5 Qf7 33. Qe2 Qe8 34. Rg3
Ba8 35. Qh5 Qxh5 {White resigns} 0-1

[Event "Team 45 45 League T46"]
[Site "Internet Chess Club"]
[Date "2010.08.13"]
[Round "2"]
[White "Anzer"]
[Black "fishhead"]
[Result "1-0"]
[WhiteElo "2007"]
[BlackElo "1862"]
[Opening "Sicilian: Najdorf, Byrne (English) attack"]
[ECO "B90"]
[Time "19:00:16"]
[TimeControl "2700+45"]

1. e4 c5 2. Nf3 Nf6 3. Nc3 d6 4. d4 cxd4 5. Nxd4 a6 6. Be3 e5 7. Nf3 Qc7 8. Bg5
Be6 9. Bxf6 gxf6 10. Nd5 Bxd5 11. Qxd5 Qc6 12. O-O-O Nd7 13. Bc4 Qxd5 14. Bxd5
Rb8 15. Nh4 Nb6 16. Nf5 Nc8 17. Rd3 Be7 18. Rc3 b5 19. Rc7 Kd8 20. Rc3 Ke8 21.
Bb7 Nb6 22. Rc7 Bf8 23. Bxa6 Na4 24. Rd1 Nc5 25. Nxd6+ Bxd6 26. Rxd6 Nxe4 27.
Rdc6 b4 28. Bc4 Rf8 29. f3 Nf2 30. Rxf6 Rd8 31. Bb5+ {Black resigns} 1-0

[Event "Team 45 45 League T46"]
[Site "Internet Chess Club"]
[Date "2010.08.14"]
[Round "2"]
[White "Dreamshell"]
[Black "Merciful"]
[Result "1-0"]
[WhiteElo "1964"]
[BlackElo "1994"]
[Opening "QGD Slav: Dutch variation, main line"]
[ECO "D19"]
[Time "15:00:22"]
[TimeControl "2700+45"]

1. d4 d5 2. c4 c6 3. Nc3 dxc4 4. a4 Nf6 5. e3 Bf5 6. Bxc4 e6 7. Nf3 Bb4 8. O-O
O-O 9. Qe2 Bg4 10. Bd3 c5 11. Na2 Nc6 12. Bb5 Qd5 13. Nxb4 Nxb4 14. Bd2 Ne4 15.
Bxb4 cxb4 16. Rac1 Rac8 17. h3 Bh5 18. g4 Bg6 19. Ne5 Nd6 20. Nd7 Rfd8 21. Rc5
Rxc5 22. dxc5 Nxb5 23. Rd1 Qg5 24. axb5 Be4 25. Ne5 Bd5 26. Nc4 Kf8 27. e4 Bxc4
28. Rxd8+ Qxd8 29. Qxc4 Ke8 30. Qxb4 h5 31. Qa4 b6 32. c6 hxg4 33. hxg4 Qc7 34.
Qd4 f6 35. g5 Qd8 36. Qxd8+ Kxd8 37. b4 Kc7 38. Kg2 a6 39. bxa6 Kxc6 40. b5+ Kc7
41. Kg3 Kb8 42. Kg4 Ka7 43. Kh5 g6+ 44. Kxg6 fxg5 45. Kxg5 e5 46. Kf6 Kb8 47.
Kxe5 Ka7 48. Kd6 Kb8 49. e5 Ka7 50. e6 Kb8 51. e7 Ka7 52. f3 Ka8 53. e8=Q+ Ka7
54. Qd7+ {Black resigns} 1-0

[Event "Team 45 45 League T46"]
[Site "Internet Chess Club"]
[Date "2010.08.14"]
[Round "2"]
[White "sammj"]
[Black "froggoathorse"]
[Result "1-0"]
[WhiteElo "2125"]
[BlackElo "1761"]
[Opening "Giuoco Piano"]
[ECO "C54"]
[Time "19:13:45"]
[TimeControl "2700+45"]

1. e4 e5 2. Bc4 Bc5 3. Nf3 Nc6 4. c3 Nf6 5. d3 d6 6. Bb3 O-O 7. Bg5 Be6 8. Nbd2
a5 9. O-O Nb8 10. d4 Bxb3 11. axb3 Bb6 12. dxe5 dxe5 13. Nxe5 c6 14. Ng4 Nbd7
15. e5 h5 16. exf6 hxg4 17. fxg7 Qxg5 18. gxf8=Q+ Rxf8 19. Nc4 Rd8 20. Nxb6 Nxb6
21. Rxa5 Nd5 22. Qd4 f5 23. Qe5 b6 24. Ra7 Nf4 25. Qe7 Qxe7 26. Rxe7 Rd2 27. Ra1
Ng6 28. Re6 Kf7 29. Rxc6 Rxb2 30. Rxb6 f4 31. h3 g3 32. Rf1 Kg7 33. Rb4 Kh6 34.
fxg3 fxg3 35. Rg4 Rxb3 36. Rxg3 Kg7 37. Rf5 Rb6 38. Rfg5 Rf6 39. Rxg6+ Rxg6 40.
Rxg6+ Kxg6 41. Kf2 Kf5 42. Kf3 Kg5 43. c4 Kf5 44. Ke3 Ke5 45. h4 Kf5 46. Kd4 Ke6
47. h5 Kf5 48. c5 Ke6 49. h6 Kf6 50. c6 Kg6 51. c7 Kf6 52. c8=Q Kf7 53. Qg4 Kf6
54. Ke4 Ke7 55. Qg6 Kf8 56. Qg7+ Ke8 57. h7 Kd8 58. h8=Q# {Black checkmated} 1-0

[Event "Team 45 45 League T46"]
[Site "Internet Chess Club"]
[Date "2010.08.16"]
[Round "2"]
[White "qs16"]
[Black "upsan"]
[Result "0-1"]
[WhiteElo "1708"]
[BlackElo "1889"]
[Opening "French: Tarrasch, Haberditz variation"]
[ECO "A40"]
[Time "14:00:20"]
[TimeControl "2700+45"]

1. d4 e6 2. Nd2 f5 3. e4 d5 4. exf5 exf5 5. Bd3 Nf6 6. Ngf3 Bd6 7. O-O O-O 8.
Ne5 c5 9. c3 c4 10. Bc2 Nc6 11. f4 Ne4 12. Ndf3 Ne7 13. Be3 b5 14. a3 Bb7 15.
Bxe4 fxe4 16. Ng5 Qe8 17. Qg4 Nf5 18. Rae1 Bc8 19. Qe2 h6 20. Nh3 Nh4 21. Qf2
Bxe5 22. Qxh4 Bf6 23. Qg3 Qh5 24. Bf2 Bg4 25. Qe3 a5 26. Ra1 Rf7 27. Kh1 Bxh3
28. gxh3 Raf8 29. Qg3 Be7 30. Rg1 Qe2 31. Rab1 Bd6 32. Be3 Qh5 33. Rbf1 Qf5 34.
h4 Be7 35. Qg4 Kh7 36. h5 Qxg4 37. Rxg4 Rf5 38. Rg6 R8f6 39. Rfg1 Rxg6 40. hxg6+
Kg8 41. h3 Bd6 42. Rg4 Kf8 43. h4 Ke7 44. Kg2 Kd7 45. Kf2 Kc6 46. Ke2 Be7 47.
Kd2 h5 48. Rg2 Bxh4 49. Rh2 Be7 50. Kc2 Kd7 51. Kd2 Ke6 52. Ke2 Bd6 53. Kf2 Kf6
54. Kg3 Kxg6 55. Kh4 Bxf4 56. Rg2+ Kh6 {White resigns} 0-1

[Event "Team 45 45 League T46"]
[Site "Internet Chess Club"]
[Date "2010.08.14"]
[Round "2"]
[White "QueensCounselor"]
[Black "Paulkov"]
[Result "1/2-1/2"]
[WhiteElo "2198"]
[BlackElo "2272"]
[Opening "KP: Nimzovich defense"]
[ECO "B00"]
[Time "15:00:22"]
[TimeControl "2700+45"]

1. e4 Nc6 2. d4 d6 3. Nf3 Nf6 4. Nc3 Bg4 5. Bb5 a6 6. Be2 e6 7. O-O Be7 8. d5
exd5 9. exd5 Bxf3 10. Bxf3 Ne5 11. Re1 O-O 12. Bf4 Nfd7 13. a4 c6 14. Bg4 f5 15.
Bh5 c5 16. Qd2 Bf6 17. Nd1 g5 18. Bxe5 Bxe5 19. h3 Qf6 20. Ra3 Kh8 21. a5 Rg8
22. Rb3 Rab8 23. Ne3 Rg7 24. Qd3 c4 25. Qxc4 Nc5 26. Rb6 Bxb2 27. Nxf5 Qxf5 28.
Rxb2 Rf8 29. Bf3 Qf6 30. Rbb1 Re7 31. Rxe7 Qxe7 32. Qc3+ Qf6 33. Qe3 Kg7 34. Re1
Qf4 35. Bg4 Qxe3 36. Rxe3 Rf4 37. Re7+ Kg6 38. Bc8 Rd4 39. Bxb7 Nxb7 40. Rxb7
Rxd5 41. Rb6 Rxa5 42. Rxd6+ Kg7 43. c4 {Game drawn by mutual agreement} 1/2-1/2

[Event "Team 45 45 League T46"]
[Site "Internet Chess Club"]
[Date "2010.08.15"]
[Round "2"]
[White "MaartenKoning"]
[Black "SpikeyJ"]
[Result "1-0"]
[WhiteElo "2293"]
[BlackElo "1902"]
[Opening "King's Indian: London system"]
[ECO "A48"]
[Time "02:07:13"]
[TimeControl "2700+45"]

1. d4 Nf6 2. Nf3 g6 3. Bf4 d5 4. e3 Bg7 5. Be2 O-O 6. Nbd2 c5 7. c3 cxd4 8. exd4
Nc6 9. O-O Nh5 10. Be3 Qc7 11. Re1 Bg4 12. Nb3 Nf4 13. Bb5 a6 14. Bf1 e5 15.
dxe5 Bxe5 16. h3 Bxf3 17. Qxf3 Rad8 18. Rad1 Ne7 19. Bxf4 Bxf4 20. Rxe7 Bh2+ 21.
Kh1 Qxe7 22. Kxh2 Qe6 23. Nd4 Qb6 24. Qe2 Rfe8 25. Qc2 Re5 26. Be2 f6 27. Bf3
Qc7 28. g3 Kf7 29. Qb3 Rd7 30. Nc2 Ke6 31. Ne3 Qc5 32. Rd4 b5 33. Qd1 f5 34. c4
bxc4 35. Nxc4 dxc4 36. Rxd7 Qxf2+ 37. Bg2 Qb6 38. Rxh7 Qd6 39. Qxd6+ Kxd6 40.
Ra7 Ra5 41. a3 Ke5 42. Rb7 Kd4 43. h4 c3 44. bxc3+ Kxc3 45. Rb6 Rxa3 46. Rxg6
{Black resigns} 1-0

[Event "Team 45 45 League T46"]
[Site "Internet Chess Club"]
[Date "2010.08.13"]
[Round "2"]
[White "PandorasBox"]
[Black "nb"]
[Result "0-1"]
[WhiteElo "2027"]
[BlackElo "2102"]
[Opening "English: symmetrical, main line with b3"]
[ECO "A38"]
[Time "15:36:53"]
[TimeControl "2700+45"]

1. c4 Nf6 2. Nc3 c5 3. g3 g6 4. Bg2 Bg7 5. Nf3 Nc6 6. O-O O-O 7. b3 d6 8. Bb2 e5
9. d3 h6 10. Nd2 Be6 11. Nd5 Bxd5 12. cxd5 Nb4 13. Nc4 Nbxd5 14. e4 Nb4 15. f4
exf4 16. gxf4 d5 17. Ne3 dxe4 18. dxe4 Qxd1 19. Rfxd1 Nh5 20. Bxg7 Kxg7 21. f5
Rad8 22. a3 Nd3 23. Bf3 Nhf4 24. h4 Ne5 25. Bh1 Ne2+ 26. Kf2 Nc3 27. Rdc1 Nd3+
28. Kf1 Nxc1 29. Rxc1 Rd3 30. f6+ Kh7 31. Kf2 Re8 32. h5 Nxe4+ 33. Bxe4 Rxe4 34.
hxg6+ Kxg6 35. Rg1+ Kxf6 36. Ng4+ Ke6 37. Nxh6 Rxb3 38. a4 c4 39. Rg8 Rf4+ 40.
Ke2 Re4+ 41. Kf2 c3 42. Re8+ Kd5 43. Rd8+ Kc4 44. Nxf7 Rf4+ 45. Ke3 Rxf7 {White
resigns} 0-1

[Event "Team 45 45 League T46"]
[Site "Internet Chess Club"]
[Date "2010.08.22"]
[Round "2"]
[White "Seaborgium"]
[Black "DavidBarnsley"]
[Result "1-0"]
[WhiteElo "2002"]
[BlackElo "1986"]
[Opening "French: Tarrasch"]
[ECO "C03"]
[Time "14:14:45"]
[TimeControl "2700+45"]

1. e4 e6 2. d4 d5 3. Nd2 Be7 4. Bd3 c5 5. c3 cxd4 6. cxd4 Nc6 7. Ne2 dxe4 8.
Nxe4 Nf6 9. O-O Qb6 10. Bf4 Nxe4 11. Bxe4 O-O 12. Qd3 g6 13. Rfd1 Rd8 14. Qf3
Nxd4 15. Nxd4 Rxd4 16. Be5 Rd8 17. Rxd8+ Qxd8 18. Rd1 Qe8 19. g3 a5 20. Bc7 Qb5
21. Bd8 Bf8 22. b3 a4 23. Bf6 Bd7 24. Bxb7 Ra7 25. Bd4 Rxb7 26. Qf6 e5 27. Bxe5
Qxe5 28. Qxe5 Bc6 29. Rd8 axb3 30. Qd6 {Black resigns} 1-0

[Event "Team 45 45 League T46"]
[Site "Internet Chess Club"]
[Date "2010.08.16"]
[Round "2"]
[White "frothyjowels"]
[Black "Morovon23"]
[Result "1-0"]
[WhiteElo "2424"]
[BlackElo "2277"]
[Opening "French: exchange variation"]
[ECO "C01"]
[Time "20:00:28"]
[TimeControl "2700+45"]

1. e4 e6 2. d4 d5 3. exd5 exd5 4. c4 Nf6 5. Nc3 Be7 6. Nf3 O-O 7. Be2 Nc6 8. O-O
Be6 9. c5 a6 10. Bf4 Nh5 11. Be3 g6 12. Qa4 Ng7 13. Bd3 Nf5 14. Bxf5 Bxf5 15.
Qb3 Be6 16. Qxb7 Qd7 17. Qb3 Rab8 18. Qc2 Bg4 19. Ne1 Bf6 20. Qd2 Rfe8 21. b3
Bf5 22. Rd1 Bg4 23. Rb1 a5 24. Rc1 Nb4 25. Nc2 Bf5 26. Nxb4 axb4 27. Na4 Qb5 28.
c6 Qd3 29. Qxd3 Bxd3 30. Rfd1 Bb5 31. Nc5 Ra8 32. Nd7 Re6 33. Nxf6+ Rxf6 34. Rd2
Rxc6 35. Rxc6 Bxc6 36. Rc2 Bb5 37. Rxc7 Rxa2 38. h3 Kg7 39. Bf4 Kf6 40. Bd6 Rb2
41. Rb7 Bd3 42. Rxb4 Bc2 43. Be5+ Kg5 44. Rb7 f6 45. h4+ Kxh4 46. Bxf6+ Kg4 47.
Rxh7 Rxb3 48. f3+ Kf5 49. Be5 Ke6 50. Kh2 Bd3 51. Rc7 Rb2 52. Rc6+ Kf7 53. Rf6+
Ke7 54. Kh3 Rc2 55. Rd6 Bf5+ 56. g4 Be6 57. Kg3 Rc8 58. Kf4 Rf8+ 59. Ke3 Ra8 60.
g5 Ra3+ 61. Kf4 Ra1 62. Rb6 Rc1 63. Bd6+ Kd7 64. Ke5 Re1+ 65. Kf6 Bf5 66. Be5
Rb1 67. Rd6+ Ke8 68. Rxd5 Rb6+ 69. Bd6 Bb1 70. Ke5 Bd3 71. Rc5 Bf5 72. Rc7 Rb3
73. f4 Re3+ 74. Kd5 Be4+ 75. Kc4 Bd3+ 76. Kc5 Bf5 77. Ra7 Rc3+ 78. Kd5 Bd7 79.
Ra2 Kf7 80. Ra7 Ke8 81. Bc5 Rf3 82. Bd6 Rc3 83. Be5 Rc2 84. Bf6 Rc3 85. Ra8+ Rc8
86. Ra1 Rc3 87. Re1+ Kf8 88. Kd6 Bf5 89. d5 Rc4 90. Be5 Kf7 91. Ra1 Rc8 92. Bf6
Re8 93. Ra7+ Kf8 94. Be7+ Kf7 95. Bd8+ Kf8 96. Bf6 Re2 97. Bg7+ Kg8 98. Kc5 Rc2+
99. Kd4 Rd2+ 100. Ke5 Re2+ 101. Kf6 Re8 102. Rb7 Rd8 103. Re7 Rd6+ 104. Ke5 Rd8
105. d6 Bg4 106. Bh6 Bf5 107. Rg7+ Kh8 108. Kd5 Re8 109. Kc6 Re1 110. d7 Rc1+
111. Kd6 Rd1+ 112. Kc7 Rc1+ 113. Kd8 Rd1 114. Re7 {Black resigns} 1-0

[Event "Team 45 45 League T46"]
[Site "Internet Chess Club"]
[Date "2010.08.15"]
[Round "2"]
[White "syy89"]
[Black "YoniKer"]
[Result "1/2-1/2"]
[WhiteElo "2117"]
[BlackElo "2214"]
[Opening "Ruy Lopez: exchange, Gligoric variation"]
[ECO "C69"]
[Time "14:41:24"]
[TimeControl "2700+45"]

1. e4 e5 2. Nf3 Nc6 3. Bb5 a6 4. Bxc6 dxc6 5. O-O f6 6. d4 exd4 7. Nxd4 Ne7 8.
Be3 Ng6 9. Nd2 Bd6 10. Nc4 O-O 11. Qd3 Re8 12. Rae1 Qe7 13. Bd2 Rd8 14. Nxd6
cxd6 15. Ba5 Re8 16. Nf5 Bxf5 17. exf5 Ne5 18. Qd4 Qd7 19. f4 Nf7 20. g4 Rxe1
21. Rxe1 Re8 22. Rxe8+ Qxe8 23. Kf2 d5 24. Bb4 h5 25. h3 hxg4 26. hxg4 Nh6 27.
Kf3 Kf7 28. Qd3 Qe4+ 29. Qxe4 dxe4+ 30. Kxe4 Nxg4 31. Bc5 Ke8 32. c4 Nh6 33. a4
Ng8 34. b4 Kd7 35. b5 cxb5 36. cxb5 axb5 37. axb5 Ne7 38. Bxe7 Kxe7 39. Kd5 Kd7
40. Kc5 Kc7 41. b6+ Kd7 42. Kd5 Ke7 43. Kc5 Kd7 {Game drawn by mutual agreement}
1/2-1/2

[Event "Team 45 45 League T46"]
[Site "Internet Chess Club"]
[Date "2010.08.14"]
[Round "2"]
[White "xakelari"]
[Black "Freitac"]
[Result "1-0"]
[WhiteElo "2055"]
[BlackElo "1934"]
[Opening "Sicilian: closed, Korchnoi variation"]
[ECO "B23"]
[Time "12:08:05"]
[TimeControl "2700+45"]

1. e4 c5 2. Nc3 e6 3. g3 d5 4. exd5 exd5 5. Bg2 Nf6 6. Nge2 d4 7. Ne4 Nxe4 8.
Bxe4 Nd7 9. O-O Nf6 10. Bg2 Bd6 11. c3 O-O 12. cxd4 cxd4 13. d3 Re8 14. Nf4 Qb6
15. Qb3 Qb4 16. Nd5 Nxd5 17. Bxd5 Qxb3 18. axb3 Bh3 19. Rd1 Bg4 20. f3 Be6 21.
Bxe6 Rxe6 22. Kf1 a6 23. Bd2 Rc8 24. Rac1 Ree8 25. Kf2 Kf8 26. Re1 Rxe1 27.
Rxc8+ Re8 28. Rc4 Rd8 29. Ba5 Rd7 30. f4 Ke7 31. Bb6 Ke6 32. Rxd4 Bc7 33. Re4+
Kd5 34. Be3 Kc6 35. Ke2 b5 36. Bd2 Bb6 37. Bc3 g6 38. Kd2 Bg1 39. Re2 f5 40. Be5
Kd5 41. Kc3 a5 42. d4 Rd8 43. h4 Rc8+ 44. Kd3 Rc1 45. Bf6 Bxd4 46. Bxd4 Rd1+ 47.
Kc3 b4+ 48. Kc2 Rxd4 49. Re5+ Kc6 50. Rxa5 Rd5 51. Ra7 Kc5 52. Rxh7 Kd4 53. Re7
Rd6 54. Re5 Rc6+ 55. Kd2 Rb6 56. Ra5 Ke4 57. Ke2 Kd4 58. Re5 Rc6 59. Kd2 Rb6 60.
Re8 Rd6 61. Rc8 Ke4+ 62. Ke2 Rb6 63. Rc4+ Kd5 64. Kf3 Ke6 65. g4 fxg4+ 66. Kxg4
Kf6 67. Rc5 Ke6 68. h5 gxh5+ 69. Rxh5 Rb8 70. Rc5 Rg8+ 71. Kf3 Rb8 72. Ke4 Rh8
73. Rc6+ Ke7 74. Rb6 Rh2 75. Rxb4 Rxb2 76. Kf5 Rc2 77. Rc4 Rh2 78. Rc3 Rh5+ 79.
Ke4 Rh1 80. Rf3 Ke6 81. f5+ Kf6 82. Kd4 Rc1 83. b4 Rc2 84. b5 Rc1 85. Kd5 {Black
resigns} 1-0

[Event "Team 45 45 League T46"]
[Site "Internet Chess Club"]
[Date "2010.08.14"]
[Round "2"]
[White "Turzo"]
[Black "sandham"]
[Result "1-0"]
[WhiteElo "2336"]
[BlackElo "2125"]
[Opening "Scotch gambit: Benima defense"]
[ECO "C44"]
[Time "07:06:50"]
[TimeControl "2700+45"]

1. e4 e5 2. Nf3 Nc6 3. d4 exd4 4. Bc4 Be7 5. c3 d6 6. Qb3 Na5 7. Bxf7+ Kf8 8.
Qa4 Kxf7 9. Qxa5 dxc3 10. Nxc3 c6 11. Qxd8 Bxd8 12. Bf4 Bc7 13. O-O-O Ke7 14.
Rd2 Bg4 15. Nd4 Rd8 16. h3 Be6 17. Re1 Nh6 18. Nd5+ cxd5 19. exd5 Rc8 20. Rc2
Bb6 21. Rxe6+ Kf7 22. Nb5 Nf5 23. Nxd6+ Nxd6 24. Rxd6 Rxc2+ 25. Kxc2 Re8 26. Kd3
Bxf2 27. Rd7+ Re7 28. Rxe7+ Kxe7 29. Be3 {Black resigns} 1-0